AoeStats
← minEng [Alca Torda]

Black Forest

509748908Analyzed
4v4 RM · 3d ago on Sep 27, 2026· 51m 45s· 8 players
Game mode
Random Map
Map size
Large (8 player)
Population
200
Speed
Normal
Resources
Standard
Victory
Conquest
Starting age
Dark Age
Ending age
Imperial Age
RankedLock teamsTeams togetherTeam positionsShared explorationLock speedFull tech treeHidden civsTurbo modeCheats
Victory
Defeat
🇨🇴 Huns · Colombia
827
+13
🇦🇷 Franks · Argentina
813
+13
🇺🇸 Malians · United States
735
+16
🇺🇸 Spanish · United States
732
+37
🇲🇽 Italians · Mexico
781
-16
🇹🇷 Gurjaras · Türkiye
764
-15
🇪🇸 Persians · Spain
745
-15
🇺🇦 Britons · Ukraine
715
-13
Silver
0:28 Loom
13:14 Feudal Age
13:45 Horse Collar
13:55 Double-Bit Axe
16:56 Wheelbarrow
18:15 Gold Mining
18:16 Stone Mining
21:47 Castle Age
24:29 Stone Shaft Mining
26:23 Bow Saw
27:17 Heavy Plow
30:25 Squires
30:10 Arson
32:29 Ballistics
31:50 Treadmill Crane
32:06 Murder Holes
32:24 Fortified Wall
32:25 Masonry
32:09 Fletching
32:20 Padded Archer Armor
33:01 Fortified Wall
33:01 Masonry
32:51 Bodkin Arrow
34:08 Silk Road
36:23 Imperial Age
34:25 Hand Cart
34:50 Leather Archer Armor
36:16 Forging
36:08 Scale Mail Armor
36:18 Caravan
37:06 Thumb Ring
36:24 Pikeman
36:29 Elite Genoese Crossbowman
38:30 Chemistry
38:07 Bracer
38:37 Conscription
38:58 Ring Archer Armor
41:32 Iron Casting
41:12 Chain Mail Armor
43:34 Elite Skirmisher
Tolo
10:26 Feudal Age
12:01 Wheelbarrow
13:21 Double-Bit Axe
14:26 Horse Collar
20:12 Castle Age
18:32 Scale Mail Armor
18:32 Padded Archer Armor
22:41 Bow Saw
26:34 Caravan
27:13 Hand Cart
27:17 Heavy Plow
31:32 Imperial Age
30:05 Chain Mail Armor
29:56 Scale Barding Armor
33:41 Conscription
34:13 Leather Archer Armor
34:10 Forging
33:50 Fletching
34:31 Plate Mail Armor
34:22 Chain Barding Armor
35:49 Gold Mining
35:49 Stone Mining
37:28 Chemistry
37:01 Cavalier
37:41 Husbandry
37:52 Bloodlines
37:02 Light Cavalry
37:41 Bodkin Arrow
38:22 Iron Casting
38:14 Pikeman
38:54 Squires
38:16 Man-at-Arms
38:41 Gambesons
39:12 Kamandaran
43:13 Elite Skirmisher
43:14 Crossbowman
43:20 Savar
43:20 Hussar
45:25 Blast Furnace
Bahus
1:20 Loom
13:49 Feudal Age
15:36 Horse Collar
16:03 Double-Bit Axe
26:31 Castle Age
24:49 Man-at-Arms
30:04 Bow Saw
30:33 Wheelbarrow
29:43 Town Watch
30:32 Fishing Lines
30:19 Long Swordsman
30:19 Pikeman
30:49 Arson
31:08 Squires
31:46 Forging
31:37 Scale Mail Armor
35:33 Yeomen
35:19 Fletching
35:30 Padded Archer Armor
35:47 Chain Mail Armor
35:51 Caravan
37:26 Heavy Plow
42:24 Imperial Age
42:02 Fortified Wall
42:17 Elite Skirmisher
44:08 Hand Cart
44:36 Bodkin Arrow
44:57 Leather Archer Armor
44:27 Cranequins
46:14 Bracer
minEng [Alca Torda]
2:41 Loom
9:42 Loom
11:31 Feudal Age
12:27 Double-Bit Axe
16:05 Horse Collar
16:31 Gold Mining
16:37 Stone Mining
18:54 Loom
19:45 Wheelbarrow
23:57 Castle Age
22:23 Town Watch
23:58 Forging
23:40 Fletching
23:50 Padded Archer Armor
23:57 Scale Barding Armor
23:52 Scale Mail Armor
25:28 Bloodlines
25:19 Husbandry
29:48 Imperial Age
27:10 Arson
28:14 Gold Shaft Mining
27:54 Bow Saw
28:00 Caravan
29:31 Iron Casting
31:46 Hand Cart
32:21 Ballistics
32:18 Heavy Plow
33:56 Conscription
33:10 Heavy Camel Rider
34:06 Thumb Ring
36:27 Stone Shaft Mining
35:46 Elite Elephant Archer
40:54 Chain Barding Armor
40:50 Chain Mail Armor
40:51 Leather Archer Armor
42:54 Town Watch
44:42 Town Patrol
46:13 Kshatriyas
46:31 Frontier Guards
45:33 Elite Chakram Thrower
49:42 Bodkin Arrow
50:18 Plate Mail Armor
51:27 Heated Shot
52:38 Chemistry
Zukomazi
0:28 Loom
13:02 Feudal Age
13:51 Double-Bit Axe
14:36 Town Watch
15:54 Horse Collar
17:54 Wheelbarrow
18:59 Stone Mining
19:00 Gold Mining
21:21 Castle Age
21:17 Fishing Lines
22:28 Heavy Plow
26:36 Gillnets
30:12 Bow Saw
33:07 Fortified Wall
33:08 Masonry
36:03 Imperial Age
34:11 Caravan
35:55 Pikeman
36:36 Squires
36:22 Arson
36:50 Forging
36:40 Scale Mail Armor
36:31 Fletching
37:26 Capped Ram
39:10 Chemistry
38:41 Architecture
39:18 Iron Casting
38:59 Chain Mail Armor
38:40 Bodkin Arrow
39:24 Crop Rotation
39:55 Conscription
40:31 Hand Cart
41:59 Plate Mail Armor
Beef Loganoff
13:41 Feudal Age
15:14 Wheelbarrow
14:29 Double-Bit Axe
14:37 Horse Collar
16:22 Wheelbarrow
15:35 Town Watch
20:35 Gold Mining
20:37 Stone Mining
23:04 Castle Age
21:59 Bloodlines
22:49 Padded Archer Armor
24:31 Hand Cart
25:03 Husbandry
26:31 Stone Shaft Mining
27:14 Hand Cart
27:08 Heavy Plow
27:20 Bow Saw
27:41 Leather Archer Armor
28:48 Hand Cart
29:02 Loom
32:02 Ballistics
34:22 Imperial Age
35:08 Town Patrol
37:38 Ring Archer Armor
36:31 Elite Conquistador
39:01 Conscription
41:54 Chemistry
42:00 Chemistry
41:39 Inquisition
42:03 Supremacy
JÄGGERMEISTER |
0:51 Loom
17:00 Feudal Age
21:21 Castle Age
19:24 Double-Bit Axe
19:34 Horse Collar
20:05 Gold Mining
21:32 Wheelbarrow
21:06 Stone Mining
22:56 Bow Saw
22:50 Heavy Plow
30:27 Hand Cart
33:25 Imperial Age
31:54 Scale Barding Armor
32:18 Ballistics
32:10 Forging
32:07 Town Watch
33:06 Chain Barding Armor
32:59 Caravan
33:40 Town Patrol
34:34 Marauders
35:52 Conscription
35:16 Elite Tarkan
37:13 Gold Shaft Mining
38:09 Plate Barding Armor
38:33 Iron Casting
38:00 Padded Archer Armor
37:51 Fletching
37:27 Elite Skirmisher
39:24 Thumb Ring
38:40 Crossbowman
39:25 Scale Mail Armor
40:32 Chemistry
39:55 Bloodlines
39:46 Husbandry
41:10 Blast Furnace
40:14 Pikeman
40:55 Squires
41:15 Halberdier
47:24 Chain Mail Armor
47:26 Leather Archer Armor
47:07 Bodkin Arrow
DaniSaintM
4:05 Loom
13:45 Feudal Age
20:18 Castle Age
18:20 Double-Bit Axe
23:06 Stone Mining
25:34 Bow Saw
27:13 Wheelbarrow
27:20 Town Watch
27:29 Gold Mining
29:09 Hand Cart
30:07 Gold Shaft Mining
34:22 Imperial Age
32:35 Forging
32:31 Scale Barding Armor
33:03 Town Patrol
34:36 Chain Barding Armor
34:33 Cavalier
35:14 Husbandry
37:08 Iron Casting
37:11 Plate Barding Armor
36:51 Pikeman
37:32 Squires
38:11 Conscription
38:22 Paladin
40:59 Scale Mail Armor
40:41 Halberdier
42:37 Arson
43:11 Chain Mail Armor
43:56 Blast Furnace
Connection lost

Rejoining the realm…

Still unreachable

The connection could not be restored.

Session expired

The server has moved on; the page needs a fresh start.